 Dungeon Crawl Stone Soup version 0.29-a0-284-gf9362112df (webtiles) character file.

Game seed: 594860233620183256

28 Dabor the Cudgeller (level 3, -1/22 HPs)
             Began as a Gargoyle Gladiator on Mar 14, 2022.
             Was a Believer of Lugonu.
             Slain by Terence
             ... wielding a +0 flail
              (2 damage)
             ... on level 2 of the Dungeon.
             The game lasted 00:01:39 (1000 turns).

Dabor the Cudgeller (Gargoyle Gladiator)            Turns: 1000, Time: 00:01:40

Health: -1/22      AC:  7    Str: 19    XL:     3   Next: 14%
Magic:  3/3        EV: 12    Int:  8    God:    Lugonu [**....]
Gold:   76         SH:  0    Dex: 11    Spells: 2/2 levels left

rFire   . . .      SeeInvis .   a - +0 flail
rCold   . . .      Faith    .   (no shield)
rNeg    + . .      Spirit   .   b - +0 leather armour
rPois   ∞          Reflect  .   c - +0 helmet
rElec   +          Harm     .   (no cloak)
rCorr   .          Rampage  .   (no gloves)
Will    .....                   (no boots)
Stlth   +.........              (no amulet)
HPRegen 0.07/turn               (no ring)
MPRegen 0.08/turn               (no ring)

@: no status effects
A: sickness immunity, AC +3, negative energy resistance 1, electricity
resistance, torment resistance 1, petrification resistance
a: Renounce Religion, Depart the Abyss, Bend Space


You were on level 2 of the Dungeon.
You worshipped Lugonu.
Lugonu was pleased with you.
You visited 1 branch of the dungeon, and saw 2 of its levels.

You collected 76 gold pieces.

Inventory:

Hand Weapons
 a - a +0 flail (weapon)
Missiles
 d - 3 throwing nets
 e - a javelin
 m - 5 boomerangs (quivered)
Armour
 b - a +0 leather armour (worn)
 c - a +0 helmet (worn)
Jewellery
 h - an amulet of magic regeneration
Scrolls
 g - a scroll of identify {unknown}
 j - a scroll of amnesia {unknown}
 k - a scroll of acquirement {unknown}
Potions
 f - a potion of curing {unknown}
 i - a potion of haste {unknown}
 l - a potion of invisibility {unknown}


   Skills:
 + Level 2.6 Fighting
 + Level 3.2 Maces & Flails
 + Level 2.1 Throwing
 + Level 1.0 Armour
 + Level 2.6 Dodging


You had 2 spell levels left.
You didn't know any spells.
Your spell library was empty.

Dungeon Overview and Level Annotations

Branches:
Dungeon (2/15)

Altars:
Lugonu

Annotations:
D:2 Terence


Innate Abilities, Weirdness & Mutations

You are immune to sickness and miasma.
Your stone body is resilient. (AC +3)
You are immune to poison.
You resist negative energy. (rN+)
You are resistant to electric shocks. (rElec)
You are resistant to unholy torment.
You are immune to petrification.


Message History

Terence drinks a potion.
Terence is healed!
You closely miss Terence. Terence barely misses you.
You barely miss Terence. Terence hits you but does no damage.
You thump Terence!
Terence is moderately wounded.
Terence hits you with a +0 flail. Terence hits you but does no damage.
You hit Terence.
Terence is heavily wounded.
Terence barely misses you.
You barely miss Terence.
Terence is heavily wounded.
Terence hits you with a +0 flail.
You are too injured to fight recklessly!
You are too injured to fight recklessly!
You are too injured to fight recklessly!
You are too injured to fight recklessly!
You closely miss Terence.
Terence is heavily wounded.
Terence hits you but does no damage.
You barely miss Terence.
Terence is heavily wounded.
Terence barely misses you. Terence hits you but does no damage.
You hit Terence.
Terence is severely wounded.
Terence hits you with a +0 flail.
* * * LOW HITPOINT WARNING * * *
You closely miss Terence.
Terence is severely wounded.
Terence closely misses you.
You hit Terence but do no damage.
Terence is severely wounded.
Terence misses you.
You completely miss Terence.
Terence is severely wounded.
Terence hits you but does no damage. Terence hits you with a +0 flail.
* * * LOW HITPOINT WARNING * * *
You barely miss Terence.
Terence is severely wounded.
Terence hits you with a +0 flail.
You die...

#.#######. #.# #.... ###
#.# #.##. ..# ##'##
#.##. # #.# ##...###.###
#.# ###.# ##.....##....
#...#.#.# ##.......#.###
#..#....###..........###
.......@..'.............
......[@###..........###
#.......# ##.......#.# #
#...#.### ##.....##.###
...... ##...###....
...... ##+## ##### .....
...#


You could see Terence.

Vanquished Creatures
  A dart slug (D:1)
  2 bats (D:1)
  3 endoplasms (D:1)
  2 giant cockroaches
  3 goblins (D:1)
  A hobgoblin (D:1)
  3 quokkas
  4 ball pythons (D:1)
  A frilled lizard (D:1)
  2 kobolds (D:1)
  2 rats (D:1)
24 creatures vanquished.

Notes
Turn   | Place    | Note
-------+----------+-------------------------------------------
     0 | D:1      | Dabor the Gargoyle Gladiator began the quest for the Orb.
     0 | D:1      | Reached XP level 1. HP: 12/12 MP: 1/1
   272 | D:1      | Reached XP level 2. HP: 16/18 MP: 2/2
   461 | D:1      | Found a faded altar of an unknown god.
   602 | D:1      | Reached XP level 3. HP: 22/22 MP: 3/3
   843 | D:1      | Prayed at the altar of an unknown god.
   843 | D:1      | Became a worshipper of Lugonu the Unformed
   843 | D:1      | Reached * piety under Lugonu
   843 | D:1      | Reached ** piety under Lugonu
   886 | D:2      | Reached skill level 1 in Armour
   985 | D:2      | Noticed Terence
   999 | D:2      | HP: 1/22 [Terence/+0 flail (4)]
  1000 | D:2      | Slain by Terence

Illustrated notes

Levels and vault maps discovered:
D:1:      dpeg_arrival_arbitrary_c, layout_loops_ring,
          shapermc_ecumenical_altar_acropolis
D:2:      layout_loops_corners, uniq_terence

Skill      XL: |  1  2  3 |
---------------+----------+-----
Throwing       | 2 |  2.1
Armour         | 1 |  1.0
Fighting       | |  2.6
Maces & Flails | |  3.2
Dodging        | |  2.6

Action                   || total
-------------------------++-------
Melee: Flail             ||    93
Throw: Boomerang         ||     3
Armor: Leather armour    ||    44
Dodge: Dodged            ||    68

Table legend: (Time is in decaauts)
 A = Elapsed time spent in this place.
 B = Non-inter-level travel time spent in this place.
 C = Inter-level travel time spent in this place.
 D = Time resting spent in this place.
 E = Time spent auto-exploring this place.
 F = Levels seen in this place.
 G = Mean time per level.
                   A        B        C        D        E       F      G
               +--------+--------+--------+--------+--------+-----+--------+
         Total |   1022 |    985 |     37 |    119 |    666 |   2 |  511.0 |
       Dungeon |   1022 |    985 |     37 |    119 |    666 |   2 |  511.0 |
               +--------+--------+--------+--------+--------+-----+--------+

Top non-repeatable levels by time:
     D:1: 879 daAuts
     D:2: 142 daAuts
